AoeStats
← Nencatacoa

Arabia

509263477Analyzed
3v3 RM · 7d ago on Sep 26, 2026· 31m 38s· 6 players
Game mode
Random Map
Map size
Normal (6 player)
Population
200
Speed
Normal
Resources
Standard
Victory
Conquest
Starting age
Dark Age
Ending age
Imperial Age
RankedLock teamsTeams togetherTeam positionsShared explorationLock speedFull tech treeHidden civsTurbo modeCheats
Victory
Defeat
🇲🇽 Persians · Mexico
1679
+9
🇲🇽 Huns · Mexico
1579
+13
🇨🇴 Britons · Colombia
1489
+17
1535
-14
🇹🇼 Poles · Taiwan
1530
-14
🇦🇷 Franks · Argentina
1474
-11
AiM | CaballeroTemplario
7:09 Loom
9:37 Feudal Age
9:41 Man-at-Arms
12:33 Double-Bit Axe
15:04 Fletching
22:53 Wheelbarrow
22:26 Gold Mining
25:07 Castle Age
23:30 Horse Collar
23:49 Stone Mining
25:13 Crossbowman
26:17 Thumb Ring
27:03 Thumb Ring
27:04 Town Watch
29:21 Padded Archer Armor
elmor
9:04 Feudal Age
8:08 Loom
11:25 Double-Bit Axe
15:06 Fletching
20:31 Padded Archer Armor
22:50 Horse Collar
27:42 Castle Age
27:31 Gold Mining
27:47 Crossbowman
28:24 Bodkin Arrow
_29_3ffect_Arg
8:55 Feudal Age
8:46 Loom
9:25 Double-Bit Axe
16:07 Scale Barding Armor
18:33 Forging
23:17 Wheelbarrow
28:00 Castle Age
26:31 Gold Mining
29:03 Chain Barding Armor
Ux'Combita
7:14 Loom
9:43 Feudal Age
10:36 Double-Bit Axe
14:29 Fletching
18:24 Padded Archer Armor
23:05 Castle Age
22:46 Gold Mining
23:36 Padded Archer Armor
23:44 Bodkin Arrow
24:27 Bloodlines
26:28 Leather Archer Armor
27:20 Ballistics
28:05 Bow Saw
31:19 Thumb Ring
Nencatacoa
5:38 Loom
8:20 Feudal Age
13:37 Fletching
16:19 Double-Bit Axe
23:59 Castle Age
22:16 Gold Mining
24:01 Crossbowman
24:39 Bodkin Arrow
26:41 Ballistics
27:11 Bow Saw
UxCima
6:21 Loom
8:28 Feudal Age
9:06 Double-Bit Axe
10:36 Horse Collar
18:04 Scale Barding Armor
19:46 Wheelbarrow
23:34 Castle Age
22:22 Forging
22:28 Bloodlines
23:44 Gold Mining
23:22 Light Cavalry
24:39 Iron Casting
24:29 Chain Barding Armor
24:44 Husbandry
25:09 Bow Saw
26:17 Heavy Plow
31:14 Hand Cart
Connection lost

Rejoining the realm…

Still unreachable

The connection could not be restored.

Session expired

The server has moved on; the page needs a fresh start.